 Dungeon Crawl Stone Soup version 0.23-a0-622-g59b4ea9c50 (webtiles) character file.

3055 Morenatsu the Transmogrifier (level 9, -3/61 HPs)
             Began as a Black Draconian Transmuter on Dec 24, 2018.
             Was a Follower of Qazlal.
             Slain by an orc warrior
             ... wielding a +0 war axe
              (17 damage)
             ... on level 8 of the Dungeon.
             The game lasted 00:23:09 (11308 turns).

Morenatsu the Transmogrifier (DrTm)                Turns: 11308, Time: 00:23:09

Health: -3/61      AC:  8    Str: 15    XL:     9   Next: 57%
Magic:  4/12       EV: 12    Int: 15    God:    Qazlal [*.....]
Gold:   552        SH:  1    Dex: 13    Spells: 6/12 levels left

rFire    + . .     SeeInvis .     - Unarmed
rCold    . . .     Gourm    .   (shield currently unavailable)
rNeg     . . .     Faith    .   (armour unavailable)
rPois    .         Spirit   .   (helmet restricted)
rElec    +         Reflect  .   k - +0 cloak
rCorr    .         Harm     .   (gloves currently unavailable)
MR       +....                  (no boots)
Stlth    +.........             (no amulet)
HPRegen  0.20/turn              p - ring of protection from magic
MPRegen  0.13/turn              w - ring of protection from fire

@: short of breath, blade hands (expiring)
A: breathe lightning, unfitting armour, antennae 1, frail 1, electricity
resistance, strong 1, cold-blooded, AC +7
a: Breathe Lightning, End Transformation, Renounce Religion


You were on level 8 of the Dungeon.
You worshipped Qazlal.
Qazlal was aware of your devotion.
You were hungry.
You had blades for hands.
You visited 2 branches of the dungeon, and saw 9 of its levels.

You collected 552 gold pieces.

Inventory:

Missiles
 a - 187 arrows
Armour
 k - a +0 cloak (worn)
Magical Staves
 q - an uncursed staff of poison
Jewellery
 p - a ring of protection from magic (left scythe-like blade)
 u - an uncursed ring of fire
 w - a ring of protection from fire (right scythe-like blade)
Wands
 n - a wand of flame (3)
 s - a wand of random effects (47)
 v - a wand of scattershot (3)
Scrolls
 g - 3 scrolls of enchant armour
 j - 2 scrolls of fear
 l - 5 scrolls of remove curse
 o - 3 scrolls of identify
 r - 5 scrolls of teleportation
Potions
 b - a potion of haste
 d - a potion of cancellation {unknown}
 e - 3 potions of berserk rage
 f - 3 potions of brilliance
 h - a potion of ambrosia
 i - a potion of curing
 t - 3 potions of agility {unknown}
Comestibles
 c - 16 rations
 m - 3 chunks of flesh


   Skills:
 + Level 2.6 Fighting
 - Level 1.7 Dodging
 - Level 7.7 Unarmed Combat
 - Level 2.0 Spellcasting
 - Level 11.2 Transmutations


You had 6 spell levels left.
You knew the following spells:

 Your Spells              Type           Power        Failure   Level  Hunger
a - Beastly Appendage     Tmut           #####.       9%          1    #......
b - Blade Hands           Tmut           #####.....   36%         5    ######.

Your spell library contained the following spells:

 Spells                   Type           Power        Failure   Level  Hunger
 Sticks to Snakes         Tmut           #####...     11%         2    ###....
 Spider Form              Tmut/Pois      ###.......   38%         3    ###....
 Freeze                   Ice            #...         65%         1    #......
 Ice Form                 Ice/Tmut       ###.....     65%         4    #####..
 Throw Frost              Conj/Ice       #.....       75%         2    ###....
 Ozocubu's Armour         Chrm/Ice       #.......     89%         3    ###....
 Summon Ice Beast         Ice/Summ       #.......     99%         4    #####..
 Throw Icicle             Conj/Ice       #.......     99%         4    #####..


Dungeon Overview and Level Annotations

Branches:
Dungeon (8/15)             Temple (1/1) D:7
   Lair: D:8-11

Altars:
Ashenzari
Cheibriados
Dithmenos
Elyvilon
Fedhas
Gozag
Hepliaklqana
Makhleb
Nemelex Xobeh
Okawaru
Qazlal
Ru
Sif Muna
Trog
Uskayaw
Vehumet
Wu Jian
Xom
Zin
The Shining One

Shops:
D:8 :

Annotations:
D:8 Maurice


Innate Abilities, Weirdness & Mutations

You can breathe wild blasts of lightning.
Your glossy black scales are hard. (AC +7)
You cannot fit into any form of body armour.
You are resistant to electric shocks. (rElec)
You are cold-blooded and may be slowed by cold attacks.
You have a pair of small antennae on your head.
You are frail. (-10% HP)
Your muscles are strong. (Str +2)


Message History

The orc warrior is lightly wounded.
The howler monkey completely misses you.
The orc warrior hits you with a +0 war axe!!
* * * LOW HITPOINT WARNING * * *
Casting: Blade Hands (safe; 6% risk of failure)
Confirm with . or Enter, or press ? or * to list all spells.
Your hands turn into razor-sharp scythe blades.
You are feeling hungry.
The howler monkey closely misses you.
You slice the howler monkey!!
You kill the howler monkey!
Qazlal accepts your kill.
You are surrounded by a storm.
Maurice casts a spell.
Maurice flickers and vanishes!
Deactivating autopickup; reactivate with Ctrl-A.
You hit the orc warrior but do no damage.
The orc warrior is lightly wounded.
Your transformation is almost over.
The orc warrior hits you with a +0 war axe!
You die...

##≈≈## #.≈≈..#### #####♣♣
♣ ..≈≈....$# ##.....♣♣ ♣♣
..≈≈.≈...# ##.......♣♣♣.
..≈≈.....# #...≈≈≈...♣..
..§≈...o.# ##..≈≈≈≈≈.....
≈≈≈≈≈.{.o# #...≈≈♣≈≈.....
≈.≈≈≈≈{#{###...≈≈≈≈≈.))..
..≈≈o≈.#@o......≈≈≈.÷.♣..
≈.@o≈≈§#####.........♣♣♣.
..≈≈..o ##.......♣♣ ♣♣
..≈≈.≈o #......♣♣ ♣
≈.≈≈.≈. #......# ..≈....
#......# ####### ## ...
#.


You could see an orc warrior, an orc wizard and an orc.

Vanquished Creatures
  A cyclops (D:8)
  Edmund (D:6)
  An ice beast (D:6)
  A phantom (D:7)
  4 centaurs
  3 ogres
  Blork the orc (D:6)
  4 bullfrogs
  4 killer bees (D:8)
  5 howler monkeys
  2 bullfrog zombies
  3 crimson imps
  2 orc priests
  A gnoll shaman (D:6)
  A bullfrog skeleton (D:6)
  5 hounds
  An orc wizard (D:8)
  Ijyb (D:3)
  4 iguanas
  9 worker ants
  A hound zombie (D:5)
  7 gnolls
  12 adders
  A shadow imp (D:4)
  An ooze (D:4)
  2 adder skeletons
  A worm (D:5)
  3 dart slugs (D:2)
  5 leopard geckos
  16 orcs
  8 giant cockroaches
  7 goblins
  15 hobgoblins
  8 jackals
  3 quokkas (D:7)
  2 ball pythons (D:2)
  10 bats
  10 frilled lizards
  5 kobolds
  A quokka skeleton (D:5)
  10 rats
  A rat zombie (D:8)
183 creatures vanquished.

Notes
Turn   | Place    | Note
-------+----------+-------------------------------------------
     0 | D:1      | Morenatsu the Draconian Transmuter began the quest for the
                  | Orb.
     0 | D:1      | Reached XP level 1. HP: 16/16 MP: 3/3
   265 | D:1      | Reached XP level 2. HP: 23/23 MP: 5/5
   282 | D:1      | Reached skill level 3 in Transmutations
  1062 | D:2      | Found a hazy altar of Hepliaklqana.
  1199 | D:2      | Noticed a howler monkey
  1207 | D:2      | Killed a howler monkey
  1207 | D:2      | Reached skill level 4 in Transmutations
  1207 | D:2      | Reached XP level 3. HP: 24/28 MP: 4/6
  1232 | D:2      | Reached XP level 4. HP: 27/35 MP: 5/7
  1606 | D:2      | Found a blossoming altar of Fedhas.
  2015 | D:2      | Reached skill level 5 in Transmutations
  2395 | D:3      | Reached XP level 5. HP: 31/40 MP: 6/8
  2652 | D:3      | Noticed Ijyb
  2698 | D:3      | Killed Ijyb
  3127 | D:4      | Reached skill level 6 in Transmutations
  3275 | D:3      | Reached XP level 6. HP: 30/47 MP: 9/9
  3494 | D:3      | Learned a level 5 spell: Blade Hands
  3527 | D:3      | Found a burning altar of Makhleb.
  4984 | D:4      | Found a sparkling altar of Nemelex Xobeh.
  5249 | D:5      | Entered Level 5 of the Dungeon
  5849 | D:4      | Reached skill level 5 in Unarmed Combat
  5849 | D:4      | Your scales start taking on a glossy black colour.
  5849 | D:4      | Reached XP level 7. HP: 31/52 MP: 10/10
  5849 | D:4      | Gained mutation: You are resistant to electric shocks.
                  | (rElec) [Black Draconian growth]
  7091 | D:6      | Noticed Edmund
  7098 | D:6      | Killed Edmund
  7187 | D:6      | Found a shattered altar of Ashenzari.
  7187 | D:6      | Found a sacrificial altar of Ru.
  7188 | D:6      | Found a shimmering altar of Xom.
  7199 | D:6      | Reached XP level 8. HP: 26/59 MP: 0/11
  7202 | D:6      | Gained mutation: You are occasionally teleported next to
                  | monsters. [mutagenic glow]
  7243 | D:6      | Gained mutation: You are dopey. (Int -2) [mutagenic glow]
  7382 | D:6      | Lost mutation: You are occasionally teleported next to
                  | monsters. [potion of mutation]
  7382 | D:6      | Lost mutation: You are dopey. (Int -2) [potion of mutation]
  7382 | D:6      | Gained mutation: You have large cloven feet. [potion of
                  | mutation]
  7382 | D:6      | Gained mutation: You are robust. (+10% HP) [potion of
                  | mutation]
  7382 | D:6      | Gained mutation: Your muscles are strong. (Str +2) [potion
                  | of mutation]
  7383 | D:6      | Lost mutation: You have large cloven feet. [potion of
                  | mutation]
  7383 | D:6      | Lost mutation: Your muscles are strong. (Str +2) [potion of
                  | mutation]
  7383 | D:6      | Lost mutation: You are robust. (+10% HP) [potion of
                  | mutation]
  7383 | D:6      | Gained mutation: You are frail. (-10% HP) [potion of
                  | mutation]
  7383 | D:6      | Gained mutation: Your muscles are strong. (Str +2) [potion
                  | of mutation]
  7383 | D:6      | Gained mutation: You have a pair of small antennae on your
                  | head. [potion of mutation]
  7552 | D:6      | Reached skill level 7 in Transmutations
  7607 | D:6      | Noticed Blork the orc
  7626 | D:6      | Killed Blork the orc
  7906 | D:6      | Found an opulent altar of Gozag.
  8364 | D:7      | Reached skill level 8 in Transmutations
  8966 | D:7      | Found a staircase to the Ecumenical Temple.
  9237 | D:6      | Reached skill level 9 in Transmutations
  9504 | Temple   | Entered the Ecumenical Temple
  9569 | Temple   | Became a worshipper of Qazlal Stormbringer
  9918 | D:7      | Reached XP level 9. HP: 57/57 MP: 10/12
 10091 | D:8      | Found a bloodstained altar of Trog.
 10461 | D:8      | Reached skill level 10 in Transmutations
 10816 | D:8      | HP: 2/57 [killer bee (9)]
 11122 | D:8      | Found Gugeraq's Book Shop.
 11149 | D:8      | Noticed a cyclops
 11161 | D:8      | Killed a cyclops
 11161 | D:8      | Reached skill level 11 in Transmutations
 11222 | D:8      | Found a white marble altar of Elyvilon.
 11292 | D:8      | Noticed Maurice
 11307 | D:8      | Reached * piety under Qazlal
 11308 | D:8      | Slain by an orc warrior

Vault maps used:
D:1:      minmay_arrival_four_houses, minmay_pentomino_z4
D:2:      marbit_many_paths, nicolae_overflow_crystal_walls
D:3:      makhleb_heckhound_becter, kennysheep_generic_room_4, uniq_ijyb
D:4:      nemelex_altar_shiori, minmay_goblin_kobold_house
D:5:      first_ration
D:6:      kennysheep_mini_moat, chequers_temple_overflow_statue_of_worship,
          uniq_blork_the_orc, uniq_edmund
D:7:      minmay_temple_entry_glassed_door
D:8:      lemuel_zombie_altar_kikubaaqudgha, old_standard_altar,
          elyvilon_altar_3, serial_shops, shop, serial_rivers,
          chequers_serial_rivers_micro_e, chequers_serial_rivers_large_a,
          chequers_serial_rivers_small_3, chequers_serial_rivers_small_a,
          chequers_serial_rivers_small_3, grunt_livestock,
          kennysheep_generic_room_8, uniq_maurice
Temple:   zaba_magenta_temple

Skill      XL: |  1  2  3  4  5  6  7  8  9 |
---------------+----------------------------+-----
Transmutations | 4 5 6 9 11 | 11.2
Unarmed Combat | 5 7 |  7.7
Fighting       | 2 |  2.6
Dodging        | |  1.7
Spellcasting   | |  2.0

Action                   |  1- 3 |  4- 6 |  7- 9 || total
-------------------------+-------+-------+-------++-------
Melee: Unarmed           |   108 |   387 |   338 ||   833
       Tailslap          |    10 |    31 |    31 ||    72
       Headbutt          |     8 |    22 |     3 ||    33
       Kick              |     3 |    23 |    43 ||    69
       Punch             |       |     4 |     5 ||     9
 Cast: Beastly Appendage |    11 |    31 |    21 ||    63
       Blade Hands       |       |     2 |    10 ||    12
 Abil: Breathe Lightning |       |       |     6 ||     6
  Use: Scroll            |     3 |     8 |     6 ||    17
       Potion            |       |     1 |     6 ||     7
 Stab: Sleeping          |       |     1 |     1 ||     2
  Eat: Chunk             |     1 |    16 |    20 ||    37
       Ration            |       |       |     1 ||     1
Armor: Skin              |    35 |   136 |   111 ||   282
Dodge: Dodged            |    85 |   279 |   237 ||   601

Table legend:
 A = Non-vault XP
 B = Vault XP
 C = Vault XP percentage of total XP
 D = Non-vault monster count
 E = Vault monster count
 F = Vault count percentage of total count
                 A         B        C        D         E       F
            +---------+---------+-------+---------+---------+-------
      Total |    3470 |     895 |  20.5 |     167 |      16 |   8.7
            +---------+---------+-------+---------+---------+-------
        D:1 |      22 |       5 |  18.5 |      15 |       3 |  16.7
        D:2 |     142 |       1 |   0.7 |      32 |       1 |   3.0
        D:3 |     121 |      89 |  42.4 |      24 |       3 |  11.1
        D:4 |     422 |       7 |   1.6 |      24 |       4 |  14.3
        D:5 |     345 |       0 |   0.0 |      16 |       0 |   0.0
        D:6 |     675 |     260 |  27.8 |      15 |       2 |  11.8
        D:7 |     782 |       0 |   0.0 |      20 |       0 |   0.0
        D:8 |     961 |     533 |  35.7 |      21 |       3 |  12.5
            +---------+---------+-------+---------+---------+-------
